 Dungeon Crawl Stone Soup version 0.26-a0-852-g6321bf7485 (webtiles) character file.

Game seed: 7733993518772376119

6912 gishou the Fighter (level 11, -6/130 HPs)
             Began as a Gnoll Abyssal Knight on Nov 22, 2020.
             Was an Elder of Lugonu.
             Mangled by Rennog's ghost (18 damage)
             ... on level 10 of the Dungeon.
             The game lasted 00:23:33 (12891 turns).

gishou the Fighter (Gnoll Abyssal Knight)          Turns: 12891, Time: 00:23:33

Health: -6/130     AC: 11    Str: 17    XL:     11   Next: 7%
Magic:  6/6        EV: 15    Int: 13    God:    Lugonu [****..]
Gold:   683        SH:  5    Dex: 15    Spells: 21/21 levels left

rFire    + . .     SeeInvis .   p - +2 trident (antimagic)
rCold    + + .     Faith    .   (no shield)
rNeg     + . .     Spirit   .   x - +0 swamp dragon scales
rPois    +         Reflect  +   (no helmet)
rElec    .         Harm     .   z - scarf {rC+ rF+}
rCorr    .         Rampage  .   f - +1 pair of gloves
MR       .....                  (no boots)
Stlth    ..........             o - amulet of reflection
HPRegen  0.31/turn              J - ring of positive energy
MPRegen  0.10/turn              y - ring of protection from cold

@: berserking, very quick
A: distributed training, fangs 1, dopey 1, mutation resistance 1, wild magic 1,
strong nose
a: Depart the Abyss, Bend Space, Banish, Corrupt, Renounce Religion


You were on level 10 of the Dungeon.
You worshipped Lugonu.
Lugonu was greatly pleased with you.
You visited 2 branches of the dungeon, and saw 11 of its levels.
You visited the Abyss 1 time.
You also visited: Sewer.

You collected 683 gold pieces.

Inventory:

Hand Weapons
 p - a +2 antimagic trident (weapon)
 w - a +2 short sword of venom
Missiles
 d - 3 atropa-tipped darts (quivered)
 h - 2 throwing nets
Armour
 f - a +1 pair of gloves (worn)
 q - a +2 ring mail of fire resistance
 x - +0 swamp dragon scales (worn)
 z - a scarf of resistance (worn)
 F - the +3 hat of Pondering {ponderous, MR+ MP+10 Int+5}
   (You found it on level 8 of the Dungeon)

   It affects your intelligence (+5).
   It affects your resistance to hostile enchantments.
   It affects your magic capacity (+10).
Jewellery
 o - an amulet of reflection (around neck)
 r - an uncursed ring of poison resistance
 y - a ring of protection from cold (right hand)
 C - an uncursed ring of see invisible
 J - a ring of positive energy (left hand)
Wands
 a - a wand of acid (6)
 A - a wand of enslavement (5)
 E - a wand of flame (20)
 K - a wand of iceblast (4)
Scrolls
 e - 8 scrolls of teleportation
 j - a scroll of amnesia
 n - a scroll of fear
 t - 3 scrolls of enchant weapon
 B - 2 scrolls of remove curse
 D - 2 scrolls of magic mapping
 G - a scroll of enchant armour
Potions
 b - 2 potions of resistance
 g - 2 potions of might
 i - 6 potions of curing
 k - a potion of flight
 l - 2 potions of heal wounds
 m - 2 potions of mutation
 s - a potion of lignification
 u - 2 potions of berserk rage
 v - a potion of cancellation
 H - a potion of attraction {unknown}
 I - a potion of brilliance {unknown}
 L - a potion of haste {unknown}
Miscellaneous
 c - a tin of tremorstones (inert)


   Skills:
 + Level 8.9 Fighting
 + Level 5.9 Short Blades
 + Level 5.9 Long Blades
 + Level 5.9 Axes
 + Level 5.9 Maces & Flails
 + Level 7.5 Polearms
 + Level 5.9 Staves
 + Level 5.9 Slings
 + Level 5.9 Bows
 + Level 5.9 Crossbows
 + Level 5.9 Throwing
 + Level 7.5 Armour
 + Level 6.5 Dodging
 + Level 5.9 Stealth
 + Level 5.9 Shields
 + Level 5.9 Unarmed Combat
 + Level 5.9 Spellcasting
 + Level 4.9 Conjurations
 + Level 4.9 Hexes
 + Level 4.9 Summonings
 + Level 4.9 Necromancy
 + Level 4.9 Translocations
 + Level 4.9 Transmutations
 + Level 4.9 Fire Magic
 + Level 4.9 Ice Magic
 + Level 4.9 Air Magic
 + Level 4.9 Earth Magic
 + Level 4.9 Poison Magic
 + Level 8.0 Invocations
 + Level 5.9 Evocations


You had 21 spell levels left.
You didn't know any spells.
Your spell library was empty.

Dungeon Overview and Level Annotations

Branches:
Dungeon (10/15)            Temple (1/1) D:5            Lair (0/6) D:8
    Orc (0/2) D:9           Sewer (visited)

Altars:
Ashenzari
Cheibriados
Dithmenos
Elyvilon
Fedhas
Gozag
Kikubaaqudgha
Nemelex Xobeh
Okawaru
Qazlal
Ru
Sif Muna
Trog
Uskayaw
Wu Jian
Zin

Annotations:
D:8 corrupted
D:10 Rennog's ghost, novice TrWr


Innate Abilities, Weirdness & Mutations

Your experience applies equally to all skills.
You have very sharp teeth.
Your uncanny sense of smell can sniff out nearby items.
You are dopey. (Int -2)
You are somewhat resistant to further mutation.
Your spells are a little harder to cast, but a little more powerful.


Message History

You feel yourself moving faster!
You feel mighty! Rennog's ghost hits you!!
You hit Rennog's ghost. You bite Rennog's ghost!
Rennog's ghost is heavily damaged.
Rennog's ghost hits you!!
* * * LOW HITPOINT WARNING * * *
You barely miss Rennog's ghost.
Rennog's ghost is heavily damaged.
You barely miss Rennog's ghost. Your bite misses Rennog's ghost.
Rennog's ghost is heavily damaged.
Rennog's ghost hits you!!
* * * LOW HITPOINT WARNING * * *
You hit Rennog's ghost but do no damage.
Rennog's ghost is heavily damaged.
You hit Rennog's ghost. Your punch misses Rennog's ghost.
Rennog's ghost is heavily damaged.
Rennog's ghost closely misses you.
The polar bear goes berserk!
You barely miss Rennog's ghost.
Rennog's ghost is heavily damaged.
Rennog's ghost hits you!!
You die...

##.#########.## ##.....#...
#.########...####...#....##
#..............##..>#.#.##
##########...#........#.#
###########
##.##........#.#
...>^.....# #.###.........#
#########.# #.# ###...#.###
#.#####.# #...#.#####
#...hW@.# ##........<
##.#.†##### ####.#####
#.........# .# ♣♣#∩...∩#♣♣
♣.♣##)##♣$♣ ♣.!..♣).♣ ♣
♣♣...♣...♣ ♣♣♣.!...♣
.♣P..♣♣


You could see a polar bear (berserk) and Rennog's ghost.

Vanquished Creatures
  An unseen horror (D:9)
  A cyclops (D:8)
  A centaur zombie (D:9)
  Maggie (D:6)
  A polar bear (D:10)
  2 spriggans (D:10)
  A wraith (D:7)
  Grum (D:8)
  Menkaure (D:6)
  A water moccasin (Sewer)
  Duvessa (D:6)
  4 orc warriors
  A phantom (D:5)
  2 wolves (D:8)
  A necrophage (D:7)
  4 ogres
  5 centaurs
  5 big kobolds
  4 bullfrogs
  A water moccasin zombie (D:8)
  Dowan (D:6)
  A scorpion (D:4)
  3 howler monkeys (D:7)
  A bullfrog zombie (D:7)
  7 hounds
  A bullfrog skeleton (D:7)
  A centaur skeleton (D:4)
  5 jellies
  2 orc priests
  Natasha (twice) (D:2)
  3 iguanas
  8 orc wizards
  7 worker ants
  A hound skeleton (D:7)
  A mummy (D:4)
  2 worker ant zombies
  3 gnolls (D:5)
  9 adders
  A shadow imp (D:6)
  3 white imps
  An ufetubus (D:7)
  An adder zombie (D:7)
  10 oozes
  3 worms
  2 dart slugs
  3 leopard geckos
  35 orcs
  3 ball pythons
  14 bats
  5 giant cockroaches
  7 goblins
  5 hobgoblins
  14 jackals
  5 quokkas
  4 frilled lizards
  25 kobolds
  A leopard gecko skeleton (D:5)
  A quokka skeleton (D:6)
  2 rats (D:2)
242 creatures vanquished.

Vanquished Creatures (others)
  Gastronok (D:8)
  A fire dragon (D:8)
  Pikel (D:8)
  A lemure (D:8)
  An iguana (D:8)
  2 adders
  A quokka (D:6)
  8 fungi
  2 plants (D:10)
  12 toadstools (D:5)
30 creatures vanquished.

Grand Total: 272 creatures vanquished

Notes
Turn   | Place    | Note
-------+----------+-------------------------------------------
     0 | Abyss:1  | gishou the Gnoll Abyssal Knight began the quest for the
                  | Orb.
     0 | Abyss:1  | Reached XP level 1. HP: 23/23 MP: 3/3
    29 | Abyss:2  | Found a corrupted altar of Lugonu.
   116 | Abyss:4  | Noticed a chaos spawn
   123 | Abyss:4  | Found a corrupted altar of Lugonu.
   124 | Abyss:4  | Noticed a kraken
   125 | Abyss:4  | Noticed a ghost crab
   126 | Abyss:4  | Noticed a spectral shock serpent
   126 | D:1      | Escaped the Abyss
   301 | D:1      | Reached XP level 2. HP: 26/29 MP: 5/5
   626 | D:1      | Reached XP level 3. HP: 34/35 MP: 6/6
   649 | D:1      | Reached * piety under Lugonu
  1305 | D:2      | Reached skill level 1 in Short Blades
  1305 | D:2      | Reached skill level 1 in Long Blades
  1305 | D:2      | Reached skill level 1 in Axes
  1305 | D:2      | Reached skill level 1 in Maces & Flails
  1305 | D:2      | Reached skill level 1 in Staves
  1305 | D:2      | Reached skill level 1 in Slings
  1305 | D:2      | Reached skill level 1 in Bows
  1305 | D:2      | Reached skill level 1 in Crossbows
  1305 | D:2      | Reached skill level 1 in Throwing
  1305 | D:2      | Reached skill level 1 in Stealth
  1305 | D:2      | Reached skill level 1 in Shields
  1305 | D:2      | Reached skill level 1 in Unarmed Combat
  1305 | D:2      | Reached skill level 1 in Spellcasting
  1305 | D:2      | Reached skill level 1 in Evocations
  1330 | D:2      | Reached XP level 4. HP: 40/41 MP: 7/7
  2037 | D:2      | Noticed Natasha
  2043 | D:2      | Killed Natasha
  2044 | D:2      | Reached skill level 1 in Conjurations
  2044 | D:2      | Reached skill level 1 in Hexes
  2044 | D:2      | Reached skill level 1 in Summonings
  2044 | D:2      | Reached skill level 1 in Necromancy
  2044 | D:2      | Reached skill level 1 in Translocations
  2044 | D:2      | Reached skill level 1 in Transmutations
  2044 | D:2      | Reached skill level 1 in Fire Magic
  2044 | D:2      | Reached skill level 1 in Ice Magic
  2044 | D:2      | Reached skill level 1 in Air Magic
  2044 | D:2      | Reached skill level 1 in Earth Magic
  2044 | D:2      | Reached skill level 1 in Poison Magic
  2286 | D:2      | Noticed Natasha
  2294 | D:2      | Killed Natasha
  2295 | D:2      | Reached XP level 5. HP: 47/47 MP: 8/8
  2634 | D:3      | Found a faded altar of an unknown god.
  2742 | D:3      | Reached ** piety under Lugonu
  3295 | D:4      | Found a shadowy altar of Dithmenos.
  3296 | D:4      | Found a shimmering blue altar of Sif Muna.
  3359 | D:4      | Reached skill level 5 in Invocations
  3359 | D:4      | Reached XP level 6. HP: 41/53 MP: 9/9
  3433 | D:4      | Found a sparkling altar of Nemelex Xobeh.
  3473 | D:4      | Found a glowing drain.
  3496 | Sewer    | Entered a sewer
  3562 | Sewer    | Noticed a water moccasin
  3594 | Sewer    | Killed a water moccasin
  3595 | Sewer    | Reached skill level 5 in Polearms
  3595 | Sewer    | Reached skill level 5 in Armour
  3926 | D:4      | Found an opulent altar of Gozag.
  3953 | D:4      | Reached XP level 7. HP: 59/59 MP: 10/10
  4114 | D:4      | Found a bloodstained altar of Trog.
  4526 | D:4      | Found a snail-covered altar of Cheibriados.
  4606 | D:4      | Got a smoking jade ring
  4618 | D:4      | Identified the ring of Dogma {*Tele +Fly rPois} (You found
                  | it on level 4 of the Dungeon)
  4787 | D:4      | Found an ornate altar of the Wu Jian Council.
  4929 | D:5      | Entered Level 5 of the Dungeon
  4957 | D:5      | Found a staircase to the Ecumenical Temple.
  5003 | D:5      | HP: 3/60 [worker ant (3)]
  5009 | D:5      | HP: 1/60 [poisoned by a worker ant]
  5012 | Temple   | Entered the Ecumenical Temple
  5014 | Temple   | HP: 1/60 [poisoned by a worker ant]
  5022 | Temple   | HP: 1/60 [poisoned by a worker ant]
  5353 | D:5      | Gained mutation: You are dopey. (Int -2) [potion of
                  | mutation]
  5353 | D:5      | Gained mutation: Your spells are a little harder to cast,
                  | but a little more powerful. [potion of mutation]
  5353 | D:5      | Gained mutation: You are somewhat resistant to further
                  | mutation. [potion of mutation]
  5400 | D:5      | Reached XP level 8. HP: 67/67 MP: 12/12
  5536 | D:5      | Found a stormy altar of Qazlal.
  6096 | D:5      | Noticed a slime creature
  6097 | D:5      | Noticed a slime creature
  6097 | D:5      | Noticed a slime creature
  6277 | D:6      | Noticed Duvessa
  6278 | D:6      | Noticed Dowan
  6294 | D:6      | Killed Duvessa
  6297 | D:6      | Noticed Menkaure
  6308 | D:6      | Killed Dowan
  6315 | D:6      | Killed Menkaure
  6592 | D:6      | Noticed Maggie
  6613 | D:6      | Killed Maggie
  6614 | D:6      | Reached XP level 9. HP: 39/73 MP: 14/14
  6783 | D:6      | Found a sacrificial altar of Ru.
  6819 | D:6      | Reached *** piety under Lugonu
  7346 | D:6      | Found a white marble altar of Elyvilon.
  7377 | D:6      | Reached skill level 5 in Dodging
  7663 | D:6      | Found a broken altar of Ashenzari.
  8038 | D:5      | Banished a very large slime creature
  8568 | D:7      | Reached XP level 10. HP: 73/80 MP: 17/17
  8705 | D:7      | Reached **** piety under Lugonu
  8888 | D:7      | Reached skill level 5 in Short Blades
  8888 | D:7      | Reached skill level 5 in Long Blades
  8888 | D:7      | Reached skill level 5 in Axes
  8888 | D:7      | Reached skill level 5 in Maces & Flails
  8888 | D:7      | Reached skill level 5 in Staves
  8888 | D:7      | Reached skill level 5 in Slings
  8888 | D:7      | Reached skill level 5 in Bows
  8888 | D:7      | Reached skill level 5 in Crossbows
  8888 | D:7      | Reached skill level 5 in Throwing
  8888 | D:7      | Reached skill level 5 in Stealth
  8888 | D:7      | Reached skill level 5 in Shields
  8888 | D:7      | Reached skill level 5 in Unarmed Combat
  8888 | D:7      | Reached skill level 5 in Spellcasting
  8888 | D:7      | Reached skill level 5 in Evocations
  8898 | D:7      | Found a hide-covered altar of Uskayaw.
 10266 | D:8      | Noticed Grum
 10283 | D:8      | Killed Grum
 10746 | D:8      | Noticed a cyclops
 10752 | D:8      | Killed a cyclops
 11199 | D:8      | Found an ancient bone altar of Kikubaaqudgha.
 11333 | D:8      | Found a staircase to the Lair.
 11336 | D:8      | Noticed a fire dragon
 11336 | D:8      | Noticed Gastronok
 11337 | D:8      | Corrupted D:8
 11337 | D:8      | Noticed a spatial maelstrom
 11337 | D:8      | Noticed a large abomination
 11337 | D:8      | Noticed a glowing orange brain
 11337 | D:8      | Noticed a starcursed mass
 11337 | D:8      | Noticed a worldbinder
 11337 | D:8      | Noticed a green very ugly thing
 11342 | D:8      | Killed a fire dragon
 11343 | D:8      | Noticed a large abomination
 11344 | D:8      | Killed Gastronok
 11346 | D:8      | Noticed a cane toad
 11347 | D:8      | Noticed a rust devil
 11348 | D:8      | Killed Pikel
 11355 | D:8      | Noticed a smoke demon
 11356 | D:8      | Noticed an orange demon
 11358 | D:8      | Noticed an orb spider
 11359 | D:8      | Noticed a starcursed mass
 11369 | D:8      | Noticed a tentacled starspawn
 12027 | D:9      | Found a staircase to the Orcish Mines.
 12108 | D:9      | Found a sparkling altar of Nemelex Xobeh.
 12176 | D:9      | Noticed an unseen horror
 12203 | D:9      | Killed an unseen horror
 12526 | D:9      | Found an iron altar of Okawaru.
 12574 | D:10     | Entered Level 10 of the Dungeon
 12679 | D:10     | Identified the +5 trident "Naump" {vorpal, rElec rF+}
 12681 | D:10     | Found a runed translucent door.
 12681 | D:10     | Noticed Rennog's ghost (novice TrWr)
 12873 | D:10     | Reached XP level 11. HP: 80/87 MP: 19/19
 12891 | D:10     | Mangled by Rennog's ghost

Illustrated notes

Levels and vault maps discovered:
D:1:      lightli_molten_gateway, layout_basic
D:2:      layout_loops_ring, uniq_natasha
D:3:      layout_basic, chequers_ecumenical_altar_simple_redux
D:4:      layout_basic, kennysheep_mini, kennysheep_little_box,
          grunt_gozag_statues, lemuel_coloured_pillars_altar,
          gammafunk_temple_overflow_statue, portal_sewer_entry_d,
          chei_slow_surprise
D:5:      cheibrodos_fertilizer, layout_loops_cross, grunt_qazlal_sundering,
          minmay_temple_entry_mini_moons
D:6:      layout_basic, old_standard_altar, marbit_many_paths,
          chequers_serial_rivers_micro_a, elyvilon_altar_4, uniq_menkaure,
          uniq_duvessa, uniq_maggie
D:7:      layout_gridville, old_standard_altar, minmay_crystal_room
D:8:      layout_loops_corners, nicolae_overflow_hidden_temple,
          minmay_lair_entry_lava, uniq_grum, uniq_pikel, uniq_gastronok
D:9:      layout_cross, kennysheep_okawaru_gauntlet, hiddenorc1_lemuel,
          serial_glass, glass_columns_b, glass_columns_a, nemelex_altar_shiori
D:10:     layout_loops_ring, ebering_ghost_funeral_grove
Temple:   dpeg_chambers_temple

Skill      XL: |  1  2  3  4  5  6  7  8  9 10 |
---------------+-------------------------------+-----
Short Blades   | 1 2 3 4 5 |  5.9
Long Blades    | 1 2 3 4 5 |  5.9
Axes           | 1 2 3 4 5 |  5.9
Maces & Flails | 1 2 3 4 5 |  5.9
Staves         | 1 2 3 4 5 |  5.9
Slings         | 1 2 3 4 5 |  5.9
Bows           | 1 2 3 4 5 |  5.9
Crossbows      | 1 2 3 4 5 |  5.9
Throwing       | 1 2 3 4 5 |  5.9
Stealth        | 1 2 3 4 5 |  5.9
Shields        | 1 2 3 4 5 |  5.9
Unarmed Combat | 1 2 3 4 5 |  5.9
Spellcasting   | 1 2 3 4 5 |  5.9
Evocations     | 1 2 3 4 5 |  5.9
Conjurations   | 1 2 3 4 |  4.9
Hexes          | 1 2 3 4 |  4.9
Summonings     | 1 2 3 4 |  4.9
Necromancy     | 1 2 3 4 |  4.9
Translocations | 1 2 3 4 |  4.9
Transmutations | 1 2 3 4 |  4.9
Fire Magic     | 1 2 3 4 |  4.9
Ice Magic      | 1 2 3 4 |  4.9
Air Magic      | 1 2 3 4 |  4.9
Earth Magic    | 1 2 3 4 |  4.9
Poison Magic   | 1 2 3 4 |  4.9
Dodging        | 3 4 5 6 |  6.5
Invocations    | 5 6 7 8 |  8.0
Polearms       | 5 6 7 |  7.5
Armour         | 5 6 7 |  7.5
Fighting       | 7 8 |  8.9

Action                   |  1- 3 |  4- 6 |  7- 9 | 10-12 || total
-------------------------+-------+-------+-------+-------++-------
Melee: Spear             |   121 |   160 |       |       ||   281
       Bite              |    11 |    19 |    49 |    55 ||   134
       Trident           |       |    16 |   237 |   112 ||   365
       Punch             |       |     1 |     6 |    12 ||    19
       Short sword       |       |       |   178 |   276 ||   454
 Fire: Hunting sling     |       |    97 |       |       ||    97
Throw: Dart              |     1 |     3 |     2 |       ||     6
       Throwing net      |       |     1 |       |       ||     1
Invok: Depart the Abyss  |     1 |       |       |       ||     1
       Banish            |       |       |     1 |       ||     1
       Corrupt           |       |       |       |     1 ||     1
Evoke: Tin of tremorston |       |     1 |     2 |     1 ||     4
       Wand              |       |       |       |     6 ||     6
  Use: Scroll            |       |     5 |     9 |     6 ||    20
       Potion            |       |       |     2 |     1 ||     3
 Stab: Invisible         |     1 |       |     3 |       ||     4
       Sleeping          |       |       |     4 |     9 ||    13
Armor: Chain mail        |    60 |   129 |    14 |       ||   203
       Skin              |       |     1 |       |       ||     1
       Ring mail         |       |       |    80 |       ||    80
       Swamp dragon scal |       |       |    34 |   123 ||   157
Dodge: Dodged            |    43 |    82 |   216 |   260 ||   601
Block: Other             |       |    55 |    84 |    80 ||   219
       Reflection        |       |     1 |     2 |     2 ||     5

Table legend: (Time is in decaauts)
 A = Elapsed time spent in this place.
 B = Non-inter-level travel time spent in this place.
 C = Inter-level travel time spent in this place.
 D = Time resting spent in this place.
 E = Time spent auto-exploring this place.
 F = Levels seen in this place.
 G = Mean time per level.
                   A        B        C        D        E       F      G
               +--------+--------+--------+--------+--------+-----+--------+
         Total |  12810 |  12310 |    500 |   2317 |   7739 |  16 |  800.6 |
       Dungeon |  12075 |  11575 |    500 |   1860 |   7636 |  10 | 1207.5 |
        Temple |    305 |    305 |      0 |    304 |      0 |   1 |  305.0 |
         Abyss |    125 |    125 |      0 |      0 |     23 |   4 |   31.2 |
         Sewer |    303 |    303 |      0 |    153 |     80 |   1 |  303.0 |
               +--------+--------+--------+--------+--------+-----+--------+

Top non-repeatable levels by time:
     D:6: 1838 daAuts
     D:7: 1666 daAuts
     D:4: 1624 daAuts
     D:8: 1589 daAuts
     D:5: 1427 daAuts
     D:1: 1269 daAuts
     D:2: 917 daAuts
     D:9: 774 daAuts
     D:3: 660 daAuts
    D:10: 309 daAuts
  Temple: 305 daAuts
   Sewer: 303 daAuts
 Abyss:3: 47 daAuts
 Abyss:2: 32 daAuts
 Abyss:1: 27 daAuts
